 Dungeon Crawl Stone Soup version 0.15.2 (webtiles) character file.

156 Miyamura the Ducker (level 5, 37/37 HPs)
             Began as a Merfolk Ice Elementalist on Dec 8, 2014.
             Got out of the dungeon alive.
             The game lasted 00:13:21 (3823 turns).

Miyamura the Ducker (Merfolk Ice Elementalist)      Turns: 3823, Time: 00:13:21

HP  37/37        AC  4     Str  8      XL: 5   Next: 37%
MP  11/11        EV 14     Int 15 (16) God:
Gold 101         SH  0     Dex 12      Spells:  2 memorised,  5 levels left

rFire  . . .     SeeInvis .     (no weapon)
rCold  . . .     Clarity  .     a - +0 robe
rNeg   . . .     rCorr    .     (no shield)
rPois  .         rRot     .     s - +1 helmet
rElec  .         Spirit   .     (no cloak)
SustAb .         Warding  .     (no gloves)
rMut   .         Stasis   .     (no boots)
Gourm  .                        (no amulet)
MR     .....                    (no ring)
                                (no ring)

@: not resistant to hostile enchantments, unstealthy
A: change form in water, swift swim, clumsy 1, deterioration 1, sense
surroundings 1
a: no special abilities


You escaped.
You were not hungry.

You visited 1 branch of the dungeon, and saw 3 of its levels.

You collected 101 gold pieces.

Inventory:

Armour
 a - a +0 robe (worn)
 s - a +1 helmet (worn)
Comestibles
 c - 4 bread rations
 d - 3 fruits
 f - a slice of pizza
 k - 2 meat rations
 m - a rotting chunk of rat flesh
 n - a royal jelly
 q - 2 rotting chunks of worm flesh
 u - a chunk of worm flesh
Scrolls
 g - 2 scrolls of remove curse
 l - a scroll of recharging {unknown}
 r - a scroll of enchant armour
 t - a scroll of magic mapping {unknown}
Potions
 h - a potion of restore abilities
 i - a potion of might
 j - 2 potions of curing
 v - a potion of poison {unknown}
Books
 b - a book of Frost

   Spells                             Type                      Level
   *Freeze                            Ice                          1
   Throw Frost                        Conjuration/Ice              2
   Ozocubu's Armour                   Charms/Ice                   3
   *Throw Icicle                      Conjuration/Ice              4
   Summon Ice Beast                   Ice/Summoning                4
   Condensation Shield                Ice                          4
 o - a book of Battle

   Spells                             Type                      Level
   Infusion                           Charms                       1
   Shroud of Golubria                 Charms/Translocation         2
   Song of Slaying                    Charms                       2
   Spectral Weapon                    Hexes/Charms                 3
   Regeneration                       Charms/Necromancy            3


   Skills:
 - Level 1.4 Fighting
 + Level 4.5 Dodging
 - Level 2.1 Stealth
 + Level 3.2 Spellcasting
 - Level 0.7 Conjurations
 + Level 4.3 Ice Magic


You had 5 spell levels left.
You knew the following spells:

 Your Spells              Type           Power        Failure   Level  Hunger
a - Freeze                Ice            ###.         3%          1    #......
b - Throw Icicle          Conj/Ice       ##......     78%         4    #####..


Dungeon Overview and Level Annotations

Branches:
Dungeon (3/15)

Altars:
Yredelemnul


Innate Abilities, Weirdness & Mutations

You revert to your normal form in water.
You are very nimble and swift while swimming.
You are clumsy. (Dex -2)
Your body is slowly deteriorating.
You passively map a small area around you.


Message History

A bat comes into view.
The bat barely misses you. x2
You closely miss the bat. The bat barely misses you.
The bat hits you but does no damage. The bat barely misses you.
The bat misses you.
You barely miss the bat. The bat barely misses you.
The bat hits you but does no damage.
You barely miss the bat. The bat barely misses you.
The bat hits you but does no damage. The bat completely misses you.
The bat hits you but does no damage.
You hit the bat.
The bat is heavily wounded.
The bat barely misses you. The bat hits you but does no damage.
The bat hits you but does no damage.
There is a staircase leading out of the dungeon here.
Are you sure you want to leave the Dungeon?
This will make you lose the game! The bat barely misses you.
You have escaped!

♣♣ ♣♣♣♣
♣♣♣♣♣♣
♣P♣♣♣
♣♣≈≈♣
♣♣...P♣
♣..♣♣♣≈≈≈♣
♣♣..@..♣
♣.♣.♣♣♣≈≈≈
♣......♣
♣♣.♣♣ ♣♣♣≈
♣♣♣.b♣.♣
♣♣.♣ ♣♣
♣♣..♣♣
♣♣.♣♣
♣♣.♣♣ ♣.♣♣
♣..♣
♣..♣♣♣
♣.♣♣
♣♣♣..♣♣ ♣
♣.♣ ♣♣♣.♣♣
♣♣ ♣.♣♣♣
♣♣.♣♣♣.


You could see a bat.

Vanquished Creatures
  An orc priest (D:3)
  3 adders (D:2)
  3 worms (D:3)
  5 giant geckos
  An ooze (D:2)
  3 orcs (D:3)
  10 bats
  2 giant cockroaches
  9 hobgoblins
  13 kobolds
  A quokka (D:2)
  3 giant newts
  13 goblins
  6 rats
73 creatures vanquished.

Notes
Turn   | Place    | Note
--------------------------------------------------------------
     0 | D:1      | Miyamura, the Merfolk Ice Elementalist, began the quest for the Orb.
     0 | D:1      | Reached XP level 1. HP: 13/13 MP: 3/3
   323 | D:1      | Reached skill level 1 in Fighting
   323 | D:1      | Reached XP level 2. HP: 18/21 MP: 0/4
  1052 | D:1      | Reached XP level 3. HP: 21/26 MP: 1/6
  1991 | D:2      | Reached skill level 4 in Ice Magic
  1991 | D:2      | Reached XP level 4. HP: 28/32 MP: 2/8
  2524 | D:2      | Learned a level 4 spell: Throw Icicle
  2818 | D:3      | Found a basalt altar of Yredelemnul.
  3327 | D:3      | Reached XP level 5. HP: 16/37 MP: 4/11
  3672 | D:3      | Gained mutation: Your body is slowly deteriorating. [potion of mutation]
  3672 | D:3      | Gained mutation: You passively map a small area around you. [potion of mutation]
  3672 | D:3      | Gained mutation: You are clumsy. (Dex -2) [potion of mutation]
  3823 | D:$      | Got out of the dungeon alive.

Action                   |  1- 3 |  4- 6 || total
-------------------------+-------+-------++-------
Melee: Unarmed           |    17 |    12 ||    29
 Cast: Freeze            |    67 |    64 ||   131
  Use: Scroll            |     4 |     4 ||     8
       Potion            |       |     1 ||     1
 Stab: Sleeping          |     2 |       ||     2
  Eat: Chunk             |     4 |     6 ||    10
